 Dungeon Crawl Stone Soup version 0.17.1-2-g5865329 (webtiles) character file.

72 ololoev the Chopper (level 4, 18/35 HPs)
             Began as a Demonspawn Fighter on Feb 10, 2016.
             Quit the game on level 4 of the Dungeon.
             The game lasted 00:02:22 (318 turns).

ololoev the Chopper (Demonspawn Fighter)             Turns: 318, Time: 00:02:22

Health: 18/35      AC:  9    Str: 21    XL:     4   Next: 6%
Magic:  4/4        EV:  5    Int:  9    God:
Gold:   41         SH:  9    Dex: 13    Spells: 0 memorised, 3 levels left

rFire  . . .     SeeInvis .     a - +0 war axe
rCold  . . .     Clarity  .     k - +0 chain mail
rNeg   . . .     SustAt   .     c - +0 shield
rPois  .         Gourm    .     (no helmet)
rElec  .         Spirit   +     (no cloak)
rCorr  .         Warding  .     (no gloves)
rMut   .         Stasis   .     (no boots)
MR     .....                    (no amulet)
Stlth  ..........               (no ring)
                                d - +4 ring of strength

@: not resistant to hostile enchantments, extremely unstealthy
A: hooves 1, demonic guardian 1, magic shield
a: no special abilities


Innate Abilities, Weirdness & Mutations

You have large cloven feet.
A weak demonic guardian rushes to your aid.
When hurt, damage is shared between your health and your magic reserves.

Inventory:

Hand Weapons
 a - a +0 war axe (weapon)
Armour
 c - a +0 shield (worn)
 k - a +0 chain mail (worn)
Jewellery
 d - a +4 ring of strength (left hand)
Scrolls
 f - a scroll of remove curse {unknown}
 j - a scroll of identify {unknown}
Potions
 g - 2 potions of mutation {unknown}
 h - 2 potions of lignification {unknown}
 i - a potion of curing {unknown}
Comestibles
 e - a bread ration


   Skills:
 - Level 3.0 Fighting
 * Level 3.4 Axes
 + Level 3.3 Armour
 - Level 2.6 Shields


You had 3 spell levels left.
You didn't know any spells.


You were on level 4 of the Dungeon.
You were not hungry.

You visited 1 branch of the dungeon, and saw 4 of its levels.

You collected 41 gold pieces.

#.#......##.# #...
#
#.####.##.####.###
#.#..#.##........#
#.#..#.#######[#.#
#.#..#.........#
##
#<...#.#########
.. #.........#
.####.#.......#.#
.......@...##.# #
<.###.†5....#.#
.....<.....#.#
..####...#..#.#
..........>
.###...#..#.# #
....#....#
.#...##.### ....!
..

Notes
Turn   | Place    | Note
--------------------------------------------------------------
     0 | D:1      | ololoev the Demonspawn Fighter began the quest for the Orb.
     0 | D:1      | Reached XP level 1. HP: 18/18 MP: 1/1
    36 | D:2      | Gained mutation: A weak demonic guardian rushes to your aid. [demonic ancestry]
    36 | D:2      | Reached XP level 2. HP: 16/24 MP: 2/2
    43 | D:2      | Gained mutation: You have large cloven feet. [demonic ancestry]
    43 | D:2      | Reached XP level 3. HP: 12/29 MP: 3/3
   166 | D:3      | Found a glowing silver altar of Zin.
   317 | D:4      | Gained mutation: When hurt, damage is shared between your health and your magic reserves. [demonic ancestry]
   317 | D:4      | Reached XP level 4. HP: 18/35 MP: 4/4
   318 | D:4      | Quit the game

Dungeon Overview and Level Annotations

Branches:
Dungeon (4/15)
 Temple: D:4-7

Altars:
Zin


Message History

You hit the iguana but do no damage. You kick the iguana, but do no damage.
You block the iguana's attack.
Your quasit closely misses the iguana.
Your quasit misses the iguana.
Your quasit claws the iguana but does no damage.
The iguana completely misses you.
You hit the iguana but do no damage.
Your quasit barely misses the iguana.
Your quasit claws the iguana.
Your quasit claws the iguana but does no damage.
The iguana bites you but does no damage.
Your quasit bites the iguana but does no damage.
Your quasit claws the iguana but does no damage.
Your quasit claws the iguana.
You hit the iguana.
The iguana is heavily wounded.
Your quasit barely misses the iguana. x2
Your quasit claws the iguana but does no damage.
The iguana bites you.
Your quasit bites the iguana.
Your quasit claws the iguana but does no damage. x2
The iguana closely misses your quasit.
You closely miss the iguana.
The iguana is severely wounded.
Your quasit bites the iguana.
Your quasit claws the iguana but does no damage. x2
You block the iguana's attack.
Your quasit closely misses the iguana.
Your quasit claws the iguana but does no damage.
Your quasit claws the iguana.
You strike the helpless iguana from a blind spot!
You hit the iguana but do no damage. Your kick misses the iguana.
The iguana is almost dead.
Your quasit bites the iguana.
Your quasit claws the iguana but does no damage.
Your quasit closely misses the iguana.
You block the iguana's attack.
Your quasit bites the iguana but does no damage.
Your quasit claws the iguana but does no damage.
Your quasit claws the iguana.
The iguana dies!
You have reached level 4!
You feel agile.
Your demonic ancestry asserts itself...
You feel your magical essence form a protective shroud around your flesh.
Are you sure you want to abandon this character and quit the game? (Confirm with "yes".)

You could see a friendly quasit.

Vanquished Creatures
  An adder (D:3)
  3 gnolls (D:2)
  An ooze (D:2)
  4 hobgoblins (D:2)
  A giant newt (D:3)
  3 goblins
  A kobold (D:2)
  A rat (D:3)
15 creatures vanquished.

Vanquished Creatures (collateral kills)
  An iguana (D:4)
1 creature vanquished.

Grand Total: 16 creatures vanquished

Action                   |  1- 3 |  4- 6 || total
-------------------------+-------+-------++-------
Melee: War axe           |    38 |       ||    38
  Use: Potion            |     1 |       ||     1
 Stab: Distracted        |     1 |       ||     1

Vault maps used:
D:1:      scummos_arrival_hexagon, minmay_misc_feat_alley, minmay_crystal_water,
          tso_metal_star
D:2:      uniq_natasha
D:3:      nicolae_overflow_crystal_walls
D:4:      gammafunk_temple_overflow_statue, overflow_temple_1_default,
          first_bread, serial_shops, nicolae_shop_trees, uniq_blork_the_orc
